 Dungeon Crawl Stone Soup version 0.30-a0-918-g0ff054e9dc (webtiles) character file.

Game seed: 8627152814583627325

1930982 jt the Plane Walker (level 27, 151/169 HPs)
             Began as a Kobold Fighter on Mar 20, 2023.
             Was the Champion of Hepliaklqana.
             Escaped with the Orb
             ... and 4 runes on Mar 23, 2023!
             The game lasted 06:36:52 (102477 turns).

jt the Plane Walker (Kobold Fighter)              Turns: 102477, Time: 06:36:53

Health: 151/169    AC: 50    Str: 28    XL:     27
Magic:  26/39      EV: 20    Int: 26    God:    Hepliaklqana [******]
Gold:   8069       SH: 11    Dex: 22    Spells: 13/50 levels left

rFire   + . .      SeeInvis +    a - +9 eveningstar (holy)
rCold   + . .      Faith    .    t - +3 buckler {rF+}
rNeg    + + +      Spirit   .    Q - +10 storm dragon scales
rPois   +          Reflect  .    V - +2 helmet {Int+3}
rElec   +          Rampage  .    F - +4 dragonskin cloak
rCorr   +                        g - +2 pair of gloves
Will    ++++.                    p - +2 pair of boots of Imewis {rN+++ Str-2 Dex+3 Stlth-} Stlth
                                 L - amulet of Tiufy {Regen+ Int+4 Dex+4}
HPRegen 1.28/turn                b - ring of Gishrupuv {Will++ rCorr Str+6 Int+2 SInv}
MPRegen 0.26/turn                M - ring "Muwkugy" {Drain rPois rC+ rCorr Str+5}

@: studying 2 skills
A: reduced essence, small, no large weapons, nightstalker 3, poison resistance,
shaggy fur 1
0: Orb of Zot
}: 4/15 runes: serpentine, barnacled, slimy, silver
a: Renounce Religion, Recall Ancestor, Ancestor Identity, Transference, Idealise


You escaped.
You worshipped Hepliaklqana.
Hepliaklqana was exalted by your worship.
You visited 14 branches of the dungeon, and saw 58 of its levels.
You visited 1 ziggurat, and saw 10 of its levels.
You also visited: Ossuary, Gauntlet, Ice Cave and Desolation.

You collected 12044 gold pieces.
You spent 3975 gold pieces at shops.

Inventory:

Hand Weapons
 a - a +9 eveningstar of holy wrath (weapon)
 r - a +9 demon whip of venom
Missiles
 u - a curare-tipped dart (quivered)
Armour
 g - a +2 pair of gloves (worn)
 p - the +2 pair of boots of Imewis (worn) {rN+++ Str-2 Dex+3 Stlth-}
   (You found it on level 4 of the Vaults)

   Str:       It affects your strength (-2).
   Dex:       It affects your dexterity (+3).
   rN:        It renders you almost immune to negative energy.
   Stlth:     It makes you less stealthy.
 t - a +3 buckler of fire resistance (worn)
 F - the +4 dragonskin cloak (worn)
   (You took it off Tiamat on level 4 of the Realm of Zot)

   Avatar's Aegis: It grants the wearer a chance to resist fire, cold, poison,
   electricity, acid, and negative energy.
 Q - +10 storm dragon scales (worn)
 V - a +2 helmet of intelligence (worn)
Jewellery
 b - the ring of Gishrupuv (left hand) {Will++ rCorr Str+6 Int+2 SInv}
   (You found it on level 5 of the Pits of Slime)

   [ring of strength]

   Str:       It affects your strength (+6).
   Int:       It affects your intelligence (+2).
   SInv:      It lets you see invisible.
   rCorr:     It protects you from acid and corrosion.
   Will:      It greatly increases your willpower.
 f - the ring "Gassoj" {rElec rF+ rC+ MP+9 Str-3}
   (You acquired it on level 4 of the Vaults)

   [ring of magical power]

   Str:       It affects your strength (-3).
   rF:        It protects you from fire.
   rC:        It protects you from cold.
   rElec:     It insulates you from electricity.
   MP:        It affects your magic capacity (+9).
 m - the ring "Ponuasham" {*Slow rC++ EV+5 Slay+6}
   (You took it off an ironbound convoker in the Desolation of Salt)

   [ring of evasion]

   EV:        It affects your evasion (+5).
   Slay:      It affects your accuracy & damage with ranged weapons and melee
   (+6).
   rC:        It greatly protects you from cold.
   *Slow:     It may slow you when you take damage.
 E - the ring of Interdependent Arising {rF+ Str+4 Int-3 Dex+6}
   (You found it on level 9 of a ziggurat)

   [ring of protection from fire]

   Str:       It affects your strength (+4).
   Int:       It affects your intelligence (-3).
   Dex:       It affects your dexterity (+6).
   rF:        It protects you from fire.
 L - the amulet of Tiufy (around neck) {Regen+ Int+4 Dex+4}
   (You took it off a merfolk on level 4 of the Shoals)

   [amulet of regeneration]

   Int:       It affects your intelligence (+4).
   Dex:       It affects your dexterity (+4).
   Regen:     It increases your rate of health regeneration.
 M - a ring "Muwkugy" (right hand) {Drain rPois rC+ rCorr Str+5}
   (You found it on level 1 of the Crypt)

   [ring of protection from cold]

   Str:       It affects your strength (+5).
   rC:        It protects you from cold.
   rPois:     It protects you from poison.
   rCorr:     It protects you from acid and corrosion.
   Drain:     It drains your maximum health when unequipped.
Wands
 i - a wand of paralysis (12)
 v - a wand of digging (12)
 I - a wand of roots (44)
 K - a wand of flame (82)
 O - a wand of mindburst (35)
 Z - a wand of polymorph (2)
Scrolls
 e - 3 scrolls of enchant armour
 j - 9 scrolls of poison
 q - 15 scrolls of teleportation
 s - 7 scrolls of magic mapping
 w - 7 scrolls of immolation
 y - 15 scrolls of fog
 A - 4 scrolls of silence
 H - 2 scrolls of blinking
 R - 3 scrolls of enchant weapon
 S - 6 scrolls of vulnerability
 U - 2 scrolls of summoning
 Y - 9 scrolls of fear
Potions
 d - 5 potions of might
 h - 7 potions of brilliance
 k - 5 potions of heal wounds
 l - 7 potions of haste
 n - 11 potions of flight
 x - 6 potions of invisibility
 z - 23 potions of curing
 B - a potion of cancellation
 C - 8 potions of resistance
 G - 15 potions of ambrosia
 N - 7 potions of berserk rage
 T - 4 potions of mutation
Miscellaneous
 c - a box of beasts
 o - a lightning rod (4/4)
 D - a tin of tremorstones (1/2)
 J - a condenser vane
 P - the horn of Geryon
 W - a phial of floods
 X - a phantom mirror


   Skills:
 + Level 23.0 Fighting
 - Level 16.0 Maces & Flails
 - Level 2.0 Throwing
 + Level 23.6 Armour
 - Level 11.7 Dodging
 - Level 5.0 Stealth
 + Level 13.0 Shields
 - Level 12.0 Spellcasting
 - Level 5.0 Summonings
 O Level 27 Translocations
 + Level 6.8 Transmutations
 - Level 8.0 Air Magic
 - Level 13.5 Invocations
 - Level 10.0 Evocations


You had 13 spell levels left.
You knew the following spells:

 Your Spells              Type           Power      Damage    Failure   Level
a - Apportation           Tloc           100%       N/A       0%          1
b - Blink                 Tloc           100%       N/A       0%          2
c - Vhi's Electric Charg  Tloc/Air       100%       N/A       1%          3
d - Manifold Assault      Tloc           100%       N/A       0%          4
e - Dispersal             Tloc           51%        N/A       1%          6
f - Disjunction           Tloc           51%        N/A       1%          8
g - Summon Forest         Summ/Tloc      39%        N/A       1%          5
h - Passage of Golubria   Tloc           100%       N/A       0%          4
i - Wereblood             Tmut           50%        N/A       1%          2
j - Passwall              Tmut/Erth      27%        N/A       4%          2

Your spell library contained the following spells:

 Spells                   Type           Power      Damage    Failure   Level
 Lesser Beckoning         Tloc           100%       N/A       0%          2
 Gell's Gravitas          Tloc           100%       N/A       0%          3
 Teleport Other           Tloc           100%       N/A       0%          3
 Summon Small Mammal      Summ           100%       N/A       1%          1
 Momentum Strike          Conj/Tloc      100%       3d10      1%          2
 Kindle Blastsparks       Fire/Tloc/Air  100%       2d18      1%          3
 Portal Projectile        Hex/Tloc       100%       N/A       1%          3
 Swiftness                Air            55%        N/A       1%          3
 Iskenderun's Mystic Bla  Conj/Tloc      72%        2d15      1%          4
 Shock                    Conj/Air       100%       1d9       2%          1
 Call Imp                 Summ           41%        N/A       2%          2
 Sting                    Tmut/Pois      100%       1d8       3%          1
 Poisonous Vapours        Pois/Air       72%        N/A       3%          2
 Static Discharge         Conj/Air       72%        2-5/arc   3%          2
 Call Canine Familiar     Summ           41%        N/A       4%          3
 Airstrike                Air            27%        2d(4-20)  4%          4
 Cigotuvi's Dreadful Rot  Necr/Pois/Air  58%        N/A       6%          2
 Foxfire                  Conj/Fire      60%        2x1d7     12%         1
 Freeze                   Ice            60%        1d7       12%         1
 Kiss of Death            Conj/Necr      60%        2d10      12%         1
 Magic Dart               Conj           60%        1d6       12%         1
 Necrotise                Necr           60%        1d7       12%         1
 Sandblast                Erth           30%        2d9       12%         1
 Mephitic Cloud           Conj/Pois/Air  29%        N/A       12%         3
 Ignite Poison            Fire/Tmut/Pois 27%        N/A       14%         3
 Ensorcelled Hibernation  Hex/Ice        30%        N/A       17%         2
 Scorch                   Fire           30%        2d7       17%         2
 Sublimation of Blood     Necr           15%        N/A       17%         2
 Blade Hands              Tmut           25%        N/A       21%         5
 Ice Form                 Ice/Tmut       33%        N/A       28%         4
 Petrify                  Tmut/Erth      33%        N/A       28%         4
 Dazzling Flash           Conj/Hex       30%        N/A       34%         3
 Frozen Ramparts          Ice            30%        1d5       34%         3
 Hailstorm                Conj/Ice       15%        3d5       34%         3
 Inner Flame              Hex/Fire       15%        N/A       34%         3
 Ozocubu's Armour         Ice            15%        N/A       34%         3
 Stone Arrow              Conj/Erth      30%        3d8       34%         3
 Animate Armour           Summ/Erth      56%        N/A       38%         4
 Summon Ice Beast         Ice/Summ       28%        N/A       38%         4
 Arcjolt                  Conj/Air       18%        1d28      52%         5
 Plasma Beam              Fire/Air       18%        2x1d32    52%         5
 Silence                  Hex/Air        18%        N/A       52%         5
 Alistair's Intoxication  Tmut/Pois      22%        N/A       63%         5
 Irradiate                Conj/Tmut      16%        3d17      63%         5
 Yara's Violent Unravell  Hex/Tmut       16%        3d8       63%         5
 Freezing Cloud           Conj/Ice/Air   14%        6-21      73%         5
 Anguish                  Hex/Necr       7%         N/A       75%         4
 Animate Dead             Necr           15%        N/A       75%         4
 Cause Fear               Hex            7%         N/A       75%         4
 Dispel Undead            Necr           15%        3d10      75%         4
 Flame Wave               Conj/Fire      15%        2d7       75%         4
 Fulminant Prism          Conj/Hex       7%         3d7       75%         4
 Leda's Liquefaction      Hex/Erth       7%         N/A       75%         4
 Olgreb's Toxic Radiance  Pois           15%        N/A       75%         4
 Sticky Flame             Conj/Fire      15%        2d4       75%         4
 Summon Mana Viper        Hex/Summ       28%        N/A       75%         5
 Summon Cactus Giant      Summ           20%        N/A       92%         6
 Agony                    Necr           15%        N/A       97%         5
 Borgnjor's Vile Clutch   Necr/Erth      7%         N/A       97%         5
 Fireball                 Conj/Fire      7%         3d5       97%         5
 Iskenderun's Battlesphe  Conj           15%        2d7       97%         5
 Lee's Rapid Deconstruct  Erth           7%         3d7*      97%         5
 Conjure Ball Lightning   Conj/Air       18%        3x3d6     98%         6
 Eringya's Noxious Bog    Tmut/Pois      16%        N/A       99%         6
 Statue Form              Tmut/Erth      22%        N/A       99%         6
 Storm Form               Tmut/Air       26%        N/A       99%         7
 Death Channel            Necr           7%         N/A       100%        6
 Iron Shot                Conj/Erth      7%         9d2       100%        6
 Simulacrum               Ice/Necr       7%         N/A       100%        6
 Enfeeble                 Hex            7%         N/A       100%        7
 Haunt                    Necr/Summ      14%        N/A       100%        7
 Monstrous Menagerie      Summ           20%        N/A       100%        7
 Orb of Destruction       Conj           7%         9d6       100%        7
 Summon Hydra             Summ           20%        N/A       100%        7
 Borgnjor's Revivificati  Necr           7%         N/A       100%        8
 Discord                  Hex            7%         N/A       100%        8
 Infestation              Necr           7%         N/A       100%        8
 Lehudib's Crystal Spear  Conj/Erth      7%         10d3      100%        8
 Maxwell's Capacitive Co  Air            27%        ∞         100%        8
 Necromutation            Tmut/Necr      16%        N/A       100%        8
 Chain Lightning          Conj/Air       18%        3d24      100%        9
 Fire Storm               Conj/Fire      7%         8d2       100%        9
 Polar Vortex             Ice            7%         N/A       100%        9
 Shatter                  Erth           7%         3d10*     100%        9


Dungeon Overview and Level Annotations

Branches:
Dungeon (15/15)            Temple (1/1) D:4            Lair (5/5) D:10
 Shoals (4/4) Lair:3        Snake (4/4) Lair:3        Slime (5/5) Lair:5
    Orc (2/2) D:11            Elf (3/3) Orc:2        Vaults (5/5) D:13
  Crypt (3/3) Vaults:3       Tomb (1/3) Crypt:3      Depths (4/4) D:15
   Hell (visited)             Dis (0/7) Hell            Geh (0/7) Hell
    Coc (0/7) Hell            Tar (0/7) Hell            Zot (5/5) Depths:4
Ossuary (visited)           IceCv (visited)         Desolation (visited)
Gauntlet (visited)

Altars:
Ashenzari
Cheibriados
Dithmenos
Fedhas
Gozag
Hepliaklqana
Kikubaaqudgha
Nemelex Xobeh
Ru
Sif Muna
Trog
Uskayaw
Vehumet
Wu Jian
Xom
Yredelemnul
Zin
The Shining One
Jiyva

Shops:
D:2 :(   D:6 =:   D:7 ?!   D:13 :   D:14 (   Orc:2 ??([!   Elf:2 ((   Elf:3 !
Shoals:1 (   Shoals:2 *   Shoals:3 ?   Snake:2 ?   Snake:4 *   Vaults:1 (
Vaults:3 (   Vaults:5 ((   Depths:3 [

Portals:
Hell: Depths:1 Depths:2 Depths:3 Depths:4
Abyss: Depths:1 Depths:2 Depths:3 Depths:4
Pandemonium: Depths:1 Depths:2
Trove: Vaults:3 (give 7 potions of haste)

Annotations:
D:4 1 runed translucent door


Innate Abilities, Weirdness & Mutations

Your life essence is reduced to manifest your ancestor. (-10% HP)
You are small and have problems with some larger weapons.
You are completely attuned to the shadows.
Your system is resistant to poisons. (rPois)
You are covered in fur. (AC +1)


Message History

You begin to meditate on the wall.
You continue meditating on the rock. x2
You finish merging with the rock.
Casting: Passwall (safe; 4% risk of failure)
Confirm with . or Enter, or press ? or * to list all spells.
Aiming: Passwall (safe; 4% risk of failure)
Press: ? - help, Dir - move target You can't see that place. [the floor.]
You begin to meditate on the wall.
You continue meditating on the rock. x2
You finish merging with the rock.
You bludgeon the rakshasa!!
The rakshasa convulses!!
The rakshasa is severely wounded.
Wenzel is recalled.
The rakshasa gestures at you. The lance of force hits you!!
You are knocked back by the lance of force.
You slam into the rock wall!
You bludgeon the rakshasa!!
You kill the rakshasa!
Your Fighting skill increases to level 23!
Blink to where?
Press: ? - help, Dir - move target
As you read the scroll of blinking, it crumbles to dust.
Casting: Passwall (safe; 4% risk of failure)
Confirm with . or Enter, or press ? or * to list all spells.
Aiming: Passage of Golubria (safe; 0% risk of failure)
Press: ? - help, Dir - move target The Orb disrupts the stability of your passage!
Casting: Passage of Golubria (safe; 0% risk of failure)
Confirm with . or Enter, or press ? or * to list all spells.
Aiming: Passage of Golubria (safe; 0% risk of failure)
Press: ? - help, Dir - move target The Orb disrupts the stability of your passage!
You enter the passage of Golubria.
There is a passage of Golubria here.
You enter the passage of Golubria.
Blink to where?
Press: ? - help, Dir - move target
As you read the scroll of blinking, it crumbles to dust.
You have escaped!

##.#.###...)....###.#####.
###.##....##....###......
###............###.####
##............##.##
#^.R..####......## #...###
###....# #.R## #.####
#^..### ###..#
#....@####....# ##
##............# .#
######............# .#
#...###....##....########
.#
#.....##........##......#
.#
#...######....###.#####.#
.# ##.## #.#########.# #.#
.# #.# #.##.#......# #.#
.# #.## #........#### #.##


You could see the friendly Wenzel the hexer.

Vanquished Creatures
  the Royal Jelly (Slime:5)
  Tiamat (Zot:4)
  5 dread liches
  3 ancient liches
  3 orbs of fire
  Mara (Shoals:3)
  Vv (Crypt:1)
  Bai Suzhen (Crypt:2)
  Boris (4 times) (Vaults:4 Crypt:2 Crypt:3 Depths:4)
  Margery (Vaults:2)
  The ghost of Nuh Ema the Eclecticist, a veteran HuVM of Jiyva (Crypt:1)
  7 Killer Klowns
  2 curse toes
  Vashnia (Snake:4)
  Geryon (Hell)
  A caustic shrike (shapeshifter) (Zig:8)
  3 caustic shrikes
  10 golden dragons
  A bone dragon (Zot:4)
  A hellephant (Zig:6)
  2 shard shrike zombies
  A Brimstone Fiend (D:5)
  A doom hound (Zot:4)
  A shard shrike skeleton (Crypt:2)
  4 electric golems
  8 tentacled monstrosities
  Rupert (D:14)
  2 liches
  A Hell Sentinel (Zig:5)
  18 Orb Guardians (Zot:5)
  4 quicksilver dragons
  A walking earthen tome (Depths:2)
  7 searing wretches
  4 titans
  Grunn (Zot:4)
  An Ice Fiend (D:3)
  5 deep elf blademasters
  2 deep elf master archers (Elf:3)
  A walking frostbound tome (Depths:3)
  11 acid blobs
  Gastronok (D:9)
  9 sphinxes
  7 ancient champions
  Frances (D:13)
  9 storm dragons
  3 death cobs
  2 draconian monks (Zot:4)
  A shadow dragon (shapeshifter) (Zig:8)
  Donald (Crypt:2)
  6 shadow dragons
  9 tengu reavers
  4 draconian knights
  5 frost giants
  6 revenants
  8 nagarajas (Snake:4)
  Louise (Snake:1)
  7 azure jellies (Slime:5)
  11 vault wardens
  5 rockslimes
  14 fire giants
  2 balrugs
  2 imperial myrmidons (Desolation)
  2 juggernaut zombies (Hell)
  5 deep elf sorcerers (Elf:3)
  2 iron dragons
  3 draconian scorchers
  4 orc warlords
  4 curse skulls
  A pandemonium lord (Zig:8)
  2 draconian shifters
  3 ghouls
  A caustic shrike zombie (Hell)
  4 draconian stormcallers
  A deep elf elementalist (Elf:3)
  A caustic shrike skeleton (Crypt:1)
  3 quicksilver oozes (Slime:5)
  13 ironbound preservers
  2 juggernaut skeletons
  4 draconian annihilators
  19 stone giants
  A war gargoyle (D:13)
  15 very ugly things
  4 deep elf demonologists
  7 ironbound thunderhulks
  7 green draconians
  4 reapers
  7 red draconians
  11 black draconians
  2 dire elephants
  A lorocyproca (Hell)
  4 vampire knights
  Azrael (D:13)
  4 white draconians
  7 purple draconians
  10 deep elf annihilators
  A halazid warlock (Desolation)
  A spark wasp (shapeshifter) (Vaults:5)
  6 yellow draconians
  3 iron golems
  3 eidola
  2 blizzard demons (Hell)
  A quicksilver dragon zombie (Hell)
  A crystal guardian (D:13)
  6 merfolk javelineers (Shoals:4)
  A spark wasp (Depths:2)
  8 merfolk impalers
  3 deep elf death magi
  An entropy weaver (Vaults:4)
  Snorg (Orc:2)
  12 fire dragons
  11 ettins
  11 jiangshi
  2 mummy priests (Crypt:3)
  17 yaktaur captains
  5 deep elf high priests
  5 ragged hierophants (Desolation)
  7 great orbs of eyes
  33 vault guards
  A hell beast (D:11)
  5 salamander tyrants
  5 peacekeepers
  Erolcha (D:13)
  2 catoblepae
  17 ice dragons
  9 hydras
  5 rakshasas
  7 servants of whispers (Desolation)
  5 boulder beetles
  6 ironbound frosthearts
  9 centaur warriors
  A spriggan air mage (Depths:1)
  2 merfolk avatars
  A spriggan skeleton (Hell)
  A stoker (Hell)
  10 anacondas
  An alligator snapping turtle (Shoals:4)
  A death scarab (Zig:4)
  11 naga warriors
  An Orb Guardian skeleton (Crypt:3)
  2 death knights (D:13)
  7 deep troll shamans
  4 two-headed ogres
  3 merfolk aquamancers
  5 death yaks
  17 dancing weapons
  8 tengu warriors
  3 hell hogs
  4 deep troll earth magi
  Urug (D:13)
  15 naga sharpshooters
  9 sun demons
  8 vampire magi
  A storm dragon zombie (Depths:2)
  A titan zombie (Vaults:3)
  6 spriggan berserkers
  11 hell knights
  3 shock serpents
  24 deep elf knights
  31 skeletal warriors
  A shadow wraith (Crypt:2)
  6 soul eaters
  Amaemon (D:8)
  A crystal echidna (Hell)
  6 skysharks
  3 salamander mystics
  A sixfirhy (Depths:1)
  13 sea snakes
  7 iron trolls
  41 deep trolls
  A deep troll (shapeshifter) (Zig:7)
  2 anaconda zombies (Hell)
  3 glowing orange brains
  2 orb spiders (shapeshifter)
  5 flayed ghosts
  6 naga ritualists
  A storm dragon skeleton (Vaults:3)
  2 swamp dragons (Zot:4)
  A bog body (Crypt:2)
  17 deep elf archers
  A shadow dragon zombie (Hell)
  3 orange crystal statues
  A spriggan simulacrum (Crypt:3)
  9 phantasmal warriors
  21 ironbound convokers
  2 sphinx zombies (Hell)
  6 lindwurms
  4 harpies
  A harpy (shapeshifter) (Vaults:4)
  11 necromancers
  A shadow dragon skeleton (Crypt:3)
  4 wizards
  18 orc knights
  An iron dragon zombie (Depths:2)
  27 deep elf zephyrmancers
  2 orc sorcerers (Orc:2)
  9 fauns
  18 ugly things
  34 deep elf pyromancers
  An oklob plant (Lair:1)
  4 mana vipers
  24 salamanders
  10 elephants
  7 cyclopes
  A mana viper (shapeshifter) (Vaults:1)
  2 shining eyes
  2 stone giant zombies (Hell)
  16 manticores
  7 water nymphs
  2 fire giant skeletons
  A frost giant skeleton (Depths:2)
  12 moths of wrath
  A molten gargoyle (Desolation)
  A stone giant skeleton (Hell)
  12 naga magi
  3 ice statues
  23 black mambas
  5 merfolk sirens
  3 human skeletons
  12 guardian serpents
  16 vault sentinels
  An eye of devastation (Gauntlet)
  2 apocalypse crabs (Zig:8)
  A demonic crawler (Depths:4)
  A catoblepas zombie (Crypt:3)
  A gargoyle (D:13)
  2 orange demons
  5 cane toads
  6 rime drakes
  2 hellions
  7 unseen horrors
  6 komodo dragons
  2 anaconda simulacra
  An efreet (D:15)
  A purple draconian zombie (Crypt:2)
  4 kobold demonologists (D:12)
  A tengu conjurer (Depths:3)
  5 freezing wraiths
  2 sea snake zombies (Hell)
  A yaktaur zombie (Vaults:3)
  46 yaktaurs
  13 guardian mummies
  4 harpy zombies
  10 trolls
  A queen bee (D:14)
  A red devil (Hell)
  28 merfolk
  4 polar bears
  A tarantella (Vaults:4)
  A hellwing (Depths:1)
  3 hydra zombies (Hell)
  3 meliai (D:14)
  47 saltlings (Desolation)
  A harpy skeleton (Hell)
  8 blink frogs
  A tyrant leech (shapeshifter) (Depths:1)
  4 hornets
  2 ettin zombies
  9 snapping turtles
  2 wind drakes (Shoals:4)
  22 slime creatures
  2 spriggan zombies (Hell)
  16 dream sheep
  A ynoxinul (D:11)
  An air elemental (Elf:1)
  2 centaur simulacra
  A culicivora (shapeshifter) (D:13)
  A merfolk skeleton (Crypt:3)
  9 flying skulls
  2 shadows (D:10)
  2 ushabtiu
  9 wraiths
  43 yaks
  13 water elementals
  A satyr skeleton (Crypt:1)
  4 wyverns
  9 spriggans (Lair:5)
  A wyvern (shapeshifter) (D:14)
  2 fire elementals (D:13)
  A redback (Vaults:4)
  A golden eye (D:14)
  2 steam dragons
  A slime creature zombie (Crypt:1)
  A redback (shapeshifter) (Vaults:4)
  5 vampire mosquitoes
  5 chaos spawn
  31 nagas
  2 death yak simulacra (IceCv)
  2 naga zombies (Crypt:1)
  3 swamp worms (Gauntlet)
  A glowing shapeshifter zombie (Vaults:3)
  A human zombie (Hell)
  6 wargs (Orc:2)
  2 acid dragons
  3 large abominations (Depths:4)
  A cane toad zombie (Crypt:2)
  An entropy weaver zombie (Crypt:3)
  3 hell hounds (D:13)
  A water moccasin (shapeshifter) (D:15)
  10 water moccasins
  A cane toad skeleton (Crypt:3)
  A faun skeleton (Crypt:1)
  A floating eye (shapeshifter) (Elf:3)
  10 hexers
  2 black bears (Lair:5)
  45 orc warriors
  A demonspawn skeleton (Crypt:2)
  2 ice beasts
  The ghost of caveywoolpert the Digger, an amateur TrEE (D:4)
  A black mamba simulacrum (Crypt:3)
  8 ogres
  A tengu (shapeshifter) (Gauntlet)
  A swamp dragon skeleton (Crypt:3)
  26 wolves
  5 boggarts
  6 centaurs
  A dream sheep skeleton (Crypt:3)
  An elf simulacrum (Vaults:3)
  2 phantoms
  An elf zombie (Crypt:2)
  Blork the orc (D:5)
  6 small abominations (Depths:4)
  4 kobold brigands
  An ogre simulacrum (Vaults:3)
  4 scorpions
  2 necrophages
  2 earth elementals
  2 gnoll sergeants
  5 bullfrogs
  A water moccasin skeleton (Crypt:1)
  A raiju zombie (Crypt:1)
  24 killer bees
  A tengu zombie (Hell)
  A polar bear skeleton (Crypt:3)
  An electric eel (Snake:2)
  8 howler monkeys
  3 hounds
  11 orc priests
  5 jellies (Lair:1)
  5 iguanas
  5 hell rats
  10 orc wizards
  21 mummies
  7 adders
  8 gnolls
  A river rat (D:4)
  2 shadow imps
  3 white imps
  An ufetubus (D:5)
  A worm (D:2)
  A dart slug (D:2)
  85 orcs
  2 ball pythons
  16 endoplasms
  2 giant cockroaches
  7 goblins
  8 hobgoblins
  4 jackals (D:2)
  4 quokkas
  6 bats
  8 frilled lizards
  2 hobgoblin zombies (Ossuary)
  26 kobolds
  4 kobold zombies (Ossuary)
  An orc zombie (Ossuary)
  5 rats
  5 fire vortices (Hell)
  5 pillars of salt (Elf:2)
  A tentacle (Shoals:4)
2181 creatures vanquished.

Vanquished Creatures (collateral kills)
  2 dread liches
  3 ancient liches
  An orb of fire (Zot:5)
  A juggernaut (D:15)
  A Killer Klown (Zot:5)
  A curse toe (Crypt:3)
  5 golden dragons
  A doom hound (Zot:4)
  3 tentacled monstrosities
  A lich (Zot:4)
  Jorgrun (Elf:1)
  8 Orb Guardians
  A Hell Sentinel (Zig:5)
  A quicksilver dragon (Zot:5)
  4 titans
  2 acid blobs
  3 shadow dragons
  2 sphinxes
  2 storm dragons (Zot:5)
  3 tengu reavers
  A revenant (Crypt:3)
  A draconian monk (Zot:1)
  4 fire giants
  2 rockslimes
  A draconian knight (Zot:4)
  Ilsuiw (Shoals:3)
  3 nagarajas (Snake:4)
  2 draconian scorchers
  4 imperial myrmidons (Desolation)
  An iron dragon (Depths:1)
  4 vault wardens
  4 frost giants
  3 deep elf sorcerers
  A ghoul (Crypt:2)
  A draconian shifter (Zot:1)
  2 orc warlords
  A stone giant (Vaults:5)
  4 ironbound preservers
  4 very ugly things
  A quicksilver ooze (Slime:5)
  A war gargoyle (Vaults:5)
  A green draconian (Zot:4)
  A dire elephant (Vaults:3)
  3 deep elf annihilators (Elf:3)
  2 red draconians
  A minotaur (Gauntlet)
  2 yellow draconians
  3 black draconians
  2 spark wasps (Depths:2)
  2 purple draconians
  2 ettins
  A deep elf high priest (Elf:3)
  2 crystal guardians
  6 deep elf death magi
  2 merfolk javelineers
  3 fire dragons
  2 jiangshi (Crypt:3)
  An iron golem (Hell)
  A ragged hierophant (Desolation)
  14 vault guards
  5 yaktaur captains
  An entropy weaver (Vaults:4)
  4 ice dragons
  3 great orbs of eyes
  A rakshasa (Depths:2)
  2 salamander tyrants (Snake:4)
  3 peacekeepers (Desolation)
  A spriggan air mage (Depths:4)
  A death knight (D:14)
  3 servants of whispers (Desolation)
  An ironbound frostheart (Vaults:4)
  2 ogre magi
  A jorogumo (shapeshifter) (Vaults:4)
  8 dancing weapons
  An anaconda (Snake:3)
  3 merfolk aquamancers
  A two-headed ogre (Orc:2)
  A death yak (Lair:4)
  A deep troll earth mage (Depths:1)
  A hell hog (Depths:4)
  2 naga warriors
  A deep troll shaman (Depths:3)
  6 hell knights
  A naga sharpshooter (Snake:1)
  4 deep elf knights
  4 salamander mystics
  3 spriggan berserkers
  3 skysharks
  4 skeletal warriors
  A goliath frog (shapeshifter) (Vaults:5)
  2 flayed ghosts
  9 deep trolls
  A bunyip zombie (Crypt:1)
  3 glowing orange brains
  A naga ritualist (Snake:4)
  5 sea snakes
  An ironbound convoker (Vaults:1)
  5 orc knights
  4 deep elf pyromancers
  A necromancer (Depths:2)
  A lindwurm (Vaults:4)
  4 harpies
  A wizard (Vaults:2)
  A mana viper (Snake:3)
  11 ugly things
  2 deep elf archers
  A deep elf zephyrmancer (Elf:3)
  2 frost giant zombies
  5 manticores
  A centaur zombie (Crypt:1)
  8 black mambas
  2 moths of wrath
  7 vault sentinels
  2 elephants
  2 merfolk sirens
  5 salamanders
  2 guardian serpents (Snake:4)
  2 naga magi
  4 water nymphs
  3 ice statues (Zig:5)
  2 cane toads
  3 yaktaurs
  2 unseen horrors
  3 komodo dragons
  A swamp worm zombie (Crypt:2)
  2 guardian mummies (Crypt:3)
  A white draconian skeleton (Crypt:1)
  A troll (D:11)
  A red draconian skeleton (Crypt:2)
  6 merfolk
  2 wind drakes
  2 hornets (Lair:5)
  9 saltlings (Desolation)
  2 snapping turtles (Shoals:3)
  A dream sheep (shapeshifter) (Zig:9)
  2 dream sheep (Lair:4)
  2 flying skulls (Crypt:2)
  9 slime creatures
  An alligator skeleton (Hell)
  A spriggan (Lair:5)
  2 wraiths
  4 water elementals
  14 yaks
  A basilisk (Lair:1)
  A jumping spider (shapeshifter) (D:8)
  A vampire (D:10)
  2 small abominations (Depths:4)
  An ushabti (Crypt:3)
  4 fire elementals
  A golden eye (Gauntlet)
  4 wargs
  A vampire mosquito (D:14)
  A human zombie (Hell)
  A chaos spawn (Depths:4)
  4 nagas (Snake:4)
  6 water moccasins
  A glowing shapeshifter skeleton (Vaults:3)
  3 black bears
  13 orc warriors
  A sky beast (D:7)
  8 wolves
  An ogre (D:6)
  A boggart (Lair:5)
  A centaur (D:6)
  A vine stalker zombie (Crypt:3)
  3 kobold brigands
  4 bullfrogs
  A gnoll sergeant (D:12)
  A cane toad simulacrum (IceCv)
  12 killer bees
  2 howler monkeys
  2 electric eels
  3 orc priests
  A sleepcap (D:7)
  A human skeleton (Crypt:1)
  An iguana (D:6)
  5 orc wizards
  A deep dwarf skeleton (Crypt:3)
  5 mummies
  5 gnolls
  A shadow imp (D:7)
  24 orcs
  3 endoplasms
  A giant cockroach (D:4)
  A gnoll zombie (Ossuary)
  A hobgoblin (D:4)
  A ball python (D:3)
  6 kobolds
  2 fire vortices (Hell)
532 creatures vanquished.

Vanquished Creatures (others)
  A fire giant (D:13)
  A deep elf knight (Elf:3)
  An acid dragon (Zot:4)
  A boggart (D:13)
  71 hexers
  3 bushes (D:8)
  58 fungi
  8 pillars of salt (Elf:2)
  107 plants
  2 snaplasher vines
  9 tentacles (Shoals:4)
262 creatures vanquished.

Grand Total: 2975 creatures vanquished

Notes
Turn   | Place    | Note
-------+----------+-------------------------------------------
     0 | D:1      | jt the Kobold Fighter began the quest for the Orb.
     0 | D:1      | Reached XP level 1. HP: 14/14 MP: 1/1
    17 | D:1      | Got the Tome of the Planar Deep Freeze
   160 | D:1      | Reached skill level 1 in Stealth
   254 | D:1      | Reached XP level 2. HP: 19/19 MP: 2/2
  1218 | D:2      | Reached XP level 3. HP: 23/23 MP: 3/3
  1348 | D:2      | Found a hazy altar of Hepliaklqana.
  1353 | D:2      | Became a worshipper of Hepliaklqana the Forgotten
  1381 | D:2      | Found Yffilut's Weapon Shop.
  1629 | D:2      | Reached XP level 4. HP: 28/28 MP: 4/4
  2027 | D:2      | Found Ureoc's Book Shop.
  2303 | D:3      | Found a broken altar of Ashenzari.
  2501 | D:3      | Reached XP level 5. HP: 28/33 MP: 5/5
  2611 | D:3      | Got Iwiovaisch's Cyclopedia of Misery
  2615 | D:3      | Noticed a centaur
  2628 | D:3      | Killed a centaur
  2634 | D:3      | Reached XP level 6. HP: 14/38 MP: 6/6
  2758 | D:3      | Found a shimmering blue altar of Sif Muna.
  2991 | D:3      | Reached * piety under Hepliaklqana
  2999 | D:3      | Found a faded altar of an unknown god.
  3753 | D:4      | Found a sand-covered staircase.
  3759 | Ossuary  | Entered an ossuary
  3944 | Ossuary  | Reached XP level 7. HP: 39/39 MP: 7/7
  4064 | D:4      | Reached skill level 5 in Fighting
  4161 | D:4      | Found a runed translucent door.
  4288 | D:4      | Identified the +6 morningstar of Zotzetew {venom, *Rage rC+
                  | rN+}
  4637 | D:4      | Found a runed translucent door.
  4710 | D:4      | Reached skill level 5 in Maces & Flails
  4806 | D:4      | Found a staircase to the Ecumenical Temple.
  4812 | Temple   | Entered the Ecumenical Temple
  4923 | D:4      | Found a sacrificial altar of Ru.
  5202 | D:4      | Noticed caveywoolpert's ghost (amateur TrEE)
  5209 | D:4      | Killed caveywoolpert's ghost
  5263 | D:5      | Entered Level 5 of the Dungeon
  5296 | D:5      | Reached XP level 8. HP: 33/45 MP: 8/8
  5535 | D:5      | Reached ** piety under Hepliaklqana
  5536 | D:5      | Remembered your ancestor Wenzel as a hexer
  5605 | D:5      | Found a shadowy altar of Dithmenos.
  6109 | D:5      | Found an opulent altar of Gozag.
  6132 | D:5      | Found a hazy altar of Hepliaklqana.
  6605 | D:5      | Noticed Blork the orc
  6610 | D:5      | Killed Blork the orc
  6724 | D:6      | Found Goomofit's Book Boutique.
  6743 | D:6      | Found an ancient bone altar of Kikubaaqudgha.
  6915 | D:6      | Reached XP level 9. HP: 50/50 MP: 7/9
  7054 | D:6      | Reached skill level 5 in Shields
  7405 | D:6      | Found Jaorghali's Jewellery Boutique.
  7421 | D:6      | Reached *** piety under Hepliaklqana
  7426 | D:6      | Noticed a boulder beetle
  7426 | D:6      | Noticed a hornet
  7436 | D:6      | Killed a hornet
  7456 | D:6      | Killed a boulder beetle
  7457 | D:6      | Reached XP level 10. HP: 17/57 MP: 10/10
  8235 | D:7      | Found a glowing silver altar of Zin.
  8423 | D:7      | Found a sparkling altar of Nemelex Xobeh.
  8622 | D:7      | Found an ornate altar of the Wu Jian Council.
  8675 | D:7      | Found Kiuchul's Magic Scroll Boutique.
  8675 | D:7      | Found Otzuruot's Distillery.
  9409 | D:8      | Noticed an orange demon
  9421 | D:8      | Killed an orange demon
  9714 | D:8      | Reached skill level 10 in Maces & Flails
  9773 | D:8      | Found a glowing golden altar of the Shining One.
  9977 | D:8      | Reached **** piety under Hepliaklqana
 10011 | D:8      | Found a radiant altar of Vehumet.
 10046 | D:8      | Noticed Amaemon
 10058 | D:8      | Killed Amaemon
 10249 | D:8      | Reached XP level 11. HP: 63/63 MP: 11/11
 10554 | D:9      | Found a blossoming altar of Fedhas.
 10673 | D:9      | Reached skill level 10 in Fighting
 11602 | D:9      | Found a shimmering altar of Xom.
 11602 | D:9      | Noticed Gastronok
 11612 | D:9      | HP: 1/65 [Gastronok (32)]
 11637 | D:9      | Killed Gastronok
 11869 | D:10     | Entered Level 10 of the Dungeon
 12319 | D:10     | Found a staircase to the Lair.
 12872 | D:10     | Reached ***** piety under Hepliaklqana
 12932 | Lair:1   | Entered Level 1 of the Lair of Beasts
 13152 | Lair:1   | Reached XP level 12. HP: 57/72 MP: 12/12
 13597 | Lair:1   | Reached skill level 1 in Evocations
 13876 | Lair:1   | Learned a level 1 spell: Apportation
 13879 | Lair:1   | Learned a level 2 spell: Blink
 14462 | Lair:2   | Noticed a six-headed hydra
 14470 | Lair:2   | Killed a six-headed hydra
 14474 | Lair:2   | Found a frozen archway.
 14498 | IceCv    | Entered an ice cave
 14523 | IceCv    | Reached skill level 1 in Invocations
 14647 | IceCv    | Found a transporter.
 14707 | IceCv    | Found a transporter.
 15568 | Lair:2   | Reached XP level 13. HP: 77/77 MP: 15/15
 16426 | Lair:3   | Noticed an eight-headed hydra
 16436 | Lair:3   | Killed an eight-headed hydra
 16778 | Lair:3   | Noticed an eight-headed hydra
 16814 | Lair:3   | Killed an eight-headed hydra
 17076 | Lair:3   | Reached skill level 5 in Invocations
 17256 | Lair:3   | Found a staircase to the Snake Pit.
 17452 | Lair:3   | Found a staircase to the Shoals.
 17646 | Lair:4   | Got Goetexkiy's Omnibus of Locality and Teratogeny
 17929 | Lair:4   | Identified the +4 trident "Jaim" {pain, Will+ Int+4}
 17979 | Lair:4   | Reached ****** piety under Hepliaklqana
 17993 | Lair:4   | Noticed a six-headed hydra
 18002 | Lair:4   | Killed a six-headed hydra
 19197 | Lair:5   | Entered Level 5 of the Lair of Beasts
 19227 | Lair:4   | Reached XP level 14. HP: 84/84 MP: 18/18
 19652 | Lair:5   | Reached skill level 15 in Maces & Flails
 19915 | Lair:5   | Found a runed translucent door.
 19915 | Lair:5   | Noticed an acid blob
 19916 | Lair:5   | Found a staircase to the Slime Pits.
 19916 | Lair:5   | Noticed an acid blob
 21871 | Lair:5   | Identified the +1 leather armour of the Beginning {Drain
                  | Int+4}
 23046 | D:11     | Reached XP level 15. HP: 90/90 MP: 22/22
 23474 | D:11     | Found a staircase to the Orcish Mines.
 23863 | D:12     | Identified a scroll of acquirement
 23864 | D:12     | Acquired the amulet "Vuxioxzo" {Regen+ MP+9}
 24145 | D:12     | Reached skill level 15 in Fighting
 24285 | D:12     | You fall into a shaft and drop 3 floors!
 24285 | D:15     | Entered Level 15 of the Dungeon
 24299 | D:15     | Found a gate leading to a gauntlet.
 24309 | Gauntlet | Entered a Gauntlet
 24314 | Gauntlet | Found a transporter.
 24351 | Gauntlet | Found a transporter.
 24376 | Gauntlet | Found a transporter.
 24388 | Gauntlet | Found a transporter.
 24392 | Gauntlet | Found a transporter.
 24396 | Gauntlet | Found a transporter.
 24415 | Gauntlet | Found a transporter.
 24415 | Gauntlet | Found a transporter.
 24429 | Gauntlet | Found a transporter.
 24455 | Gauntlet | Found a transporter.
 24481 | Gauntlet | Found a transporter.
 24495 | Gauntlet | Found a transporter.
 24649 | Gauntlet | Identified the amulet of Impatience {Reflect rPois SH+5}
 24703 | Gauntlet | Reached skill level 10 in Invocations
 24756 | Gauntlet | Reached skill level 1 in Translocations
 24834 | D:15     | Reached skill level 1 in Spellcasting
 25330 | D:15     | Reached skill level 2 in Translocations
 25339 | D:14     | Found a runed translucent door.
 25612 | D:15     | Reached skill level 3 in Translocations
 25684 | D:14     | Noticed Rupert
 25790 | D:14     | Killed Rupert
 25903 | D:14     | Reached skill level 4 in Translocations
 25959 | D:13     | Noticed Frances
 25973 | D:13     | Killed Frances
 26020 | D:13     | Found Becia's Book Shoppe.
 26924 | D:13     | Noticed Erolcha
 26929 | D:13     | Killed Erolcha
 27095 | D:13     | Found a transporter.
 27097 | D:13     | Noticed Azrael
 27099 | D:13     | Reached skill level 5 in Translocations
 27152 | D:13     | Noticed Urug
 27160 | D:13     | Killed Urug
 27197 | D:13     | Found a transporter.
 27199 | D:13     | Noticed a fire giant
 27199 | D:13     | Noticed a tengu reaver
 27290 | D:13     | Found a gate to the Vaults.
 27290 | D:13     | Noticed an ironbound preserver
 27310 | D:13     | Killed an ironbound preserver
 27389 | D:13     | Reached XP level 16. HP: 78/99 MP: 24/24
 27397 | D:13     | Killed Azrael
 27555 | D:13     | Learned a level 3 spell: Vhi's Electric Charge
 27743 | D:14     | Found Adip Oni's Antique Weapon Boutique.
 28248 | D:14     | Identified the +1 leather armour of Vyghi {-Tele Rampage
                  | Int+6}
 28296 | D:14     | Found a transporter.
 28373 | D:14     | Noticed a rockslime
 28374 | D:14     | Found a transporter.
 28428 | D:14     | Reached skill level 6 in Translocations
 28535 | D:14     | Noticed a fire giant
 28546 | D:14     | Killed a fire giant
 28846 | D:14     | Killed a rockslime
 28846 | D:14     | Found a viscous altar of Jiyva.
 28856 | D:14     | Reached skill level 1 in Dodging
 28873 | D:14     | Identified the +1 lajatang of Rivapt {venom, rN+ Will-
                  | Str+4}
 28907 | D:14     | Acquired the +0 pair of boots of the Blizzard {Rampage
                  | Int+3}
 29206 | D:15     | Found a staircase to the Depths.
 29206 | D:15     | Noticed a frost giant
 29224 | D:15     | Killed a frost giant
 30081 | Snake:1  | Entered Level 1 of the Snake Pit
 30117 | Snake:1  | Reached skill level 7 in Translocations
 30168 | Snake:1  | Noticed Louise
 30192 | Snake:1  | Killed Louise
 31462 | Snake:2  | Found Vunizoleve's Magic Scroll Emporium.
 31466 | Snake:2  | Bought a scroll of enchant weapon for 120 gold pieces
 31482 | Snake:2  | Bought 2 scrolls of immolation for 128 gold pieces
 31560 | Snake:2  | Found a radiant altar of Vehumet.
 32873 | Snake:3  | Reached XP level 17. HP: 71/105 MP: 26/26
 33059 | D:6      | Bought a manual of Fighting for 880 gold pieces
 33484 | Snake:3  | Reached skill level 1 in Air Magic
 33490 | Snake:3  | Reached skill level 5 in Dodging
 33497 | Snake:3  | Reached skill level 8 in Translocations
 35158 | Snake:4  | Entered Level 4 of the Snake Pit
 37303 | Snake:4  | Reached XP level 18. HP: 118/118 MP: 28/28
 37366 | Snake:3  | Learned a level 4 spell: Manifold Assault
 37550 | Snake:4  | Noticed Vashnia
 37612 | Snake:4  | Killed Vashnia
 37847 | Snake:4  | Found Urphu's Gadget Gallery.
 38324 | Snake:4  | Reached XP level 19. HP: 125/125 MP: 29/29
 38350 | Snake:4  | Reached skill level 5 in Armour
 38526 | Snake:4  | Identified the amulet of the Three Queens {Spirit rN+ rCorr
                  | Int+3 Dex+3}
 38545 | Snake:4  | Reached skill level 9 in Translocations
 39431 | Snake:4  | Reached skill level 10 in Translocations
 39576 | Snake:4  | Got a serpentine rune of Zot
 39827 | Shoals:1 | Entered Level 1 of the Shoals
 40720 | Shoals:3 | Noticed Ilsuiw
 40742 | Shoals:3 | Killed Ilsuiw
 40950 | Shoals:4 | Entered Level 4 of the Shoals
 41114 | Shoals:3 | Noticed Mara
 41134 | Shoals:3 | Noticed jt's illusion
 41141 | Shoals:3 | Killed Mara
 42047 | Shoals:4 | Reached XP level 20. HP: 86/130 MP: 30/30
 42860 | Shoals:4 | Reached skill level 11 in Translocations
 43378 | Shoals:4 | Identified the amulet "Xiucear" {Reflect rC+ rN+ Will+
                  | SH+5}
 43471 | Shoals:3 | Found Siud's Magic Scroll Shop.
 43476 | Shoals:3 | Bought a scroll of acquirement for 832 gold pieces
 43476 | Shoals:3 | Bought a scroll of blinking for 120 gold pieces
 43478 | Shoals:3 | Acquired 1338 gold pieces
 43728 | Shoals:1 | Found Hyqah's Weapon Emporium.
 44847 | Shoals:4 | Got a barnacled rune of Zot
 45012 | Shoals:4 | Reached skill level 5 in Spellcasting
 45326 | Shoals:4 | Identified the amulet of Tiufy {Regen+ Int+4 Dex+4}
 46244 | Shoals:2 | Found Nalov's Visitors' Centre.
 47302 | Vaults:1 | Entered Level 1 of the Vaults
 47303 | Vaults:1 | Found Reoxomn's Antique Weapon Emporium.
 47310 | Vaults:1 | Bought a translucent mace for 240 gold pieces
 47310 | Vaults:1 | Identified the +6 mace of Somewhere Else {protect, rC++
                  | Dex+3} (You bought it in a shop on level 1 of the Vaults)
 47766 | D:13     | Reached skill level 10 in Shields
 47980 | D:13     | Reached skill level 10 in Dodging
 47983 | D:13     | Reached skill level 12 in Translocations
 48213 | Depths:1 | Entered Level 1 of the Depths
 48219 | Depths:1 | Noticed a juggernaut
 48464 | D:13     | Reached XP level 21. HP: 68/135 MP: 28/31
 51998 | Vaults:2 | Noticed Margery
 52034 | Vaults:1 | Reached skill level 13 in Translocations
 52615 | Vaults:2 | Killed Margery
 53834 | Vaults:3 | Reached XP level 22. HP: 113/140 MP: 29/32
 54022 | Vaults:3 | Acquired a manual of Armour
 54182 | Vaults:3 | Reached skill level 10 in Armour
 54592 | Vaults:3 | Reached skill level 5 in Air Magic
 54596 | Vaults:3 | Reached skill level 14 in Translocations
 55146 | Vaults:3 | Found a staircase to the Crypt.
 55644 | Vaults:3 | Found Geageen's Antique Weapon Shoppe.
 55726 | Vaults:3 | Found a portal to a secret trove of treasure.
 57057 | Vaults:4 | Reached skill level 15 in Translocations
 57966 | Vaults:4 | Noticed Boris
 57974 | Vaults:4 | Reached XP level 23. HP: 141/144 MP: 22/33
 57978 | Vaults:4 | Killed Boris
 58695 | Vaults:4 | Identified the +5 quarterstaff of Yesterday {flame, Fly
                  | rC+}
 58713 | Vaults:4 | Identified the +2 pair of boots of Imewis {rN+++ Str-2
                  | Dex+3 Stlth-}
 58738 | Vaults:4 | Acquired the ring "Gassoj" {rElec rF+ rC+ MP+9 Str-3}
 58766 | Vaults:4 | Paralysed by a sphinx for 5 turns
 59100 | Vaults:4 | Learned a level 6 spell: Dispersal
 59127 | Vaults:4 | Got the Precepts of the Decaying Panacea
 59130 | Vaults:4 | Identified the staff of earth "Ifueg" {Str+3 Stlth+}
 59134 | Vaults:4 | Got Nedyzxag's Enchiridion on Execration and Impurities
 59457 | D:15     | Killed a juggernaut
 59514 | Depths:1 | Noticed a caustic shrike
 60101 | Orc:1    | Entered Level 1 of the Orcish Mines
 60152 | Orc:1    | Reached skill level 16 in Translocations
 60320 | Orc:2    | Entered Level 2 of the Orcish Mines
 60458 | Orc:2    | Found Geucew's Distillery.
 60472 | Orc:2    | Bought a potion of heal wounds for 80 gold pieces
 60472 | Orc:2    | Bought a potion of haste for 160 gold pieces
 60472 | Orc:2    | Bought a potion of haste for 160 gold pieces
 60994 | Orc:2    | Found a staircase to the Elven Halls.
 61116 | Orc:2    | Found Oliocoat's Armour Emporium.
 61117 | Orc:2    | Found Bakuotoo's Antique Weapon Boutique.
 61241 | Orc:2    | Found Zust's Magic Scroll Emporium.
 61267 | Orc:2    | Found Doanum's Magic Scroll Boutique.
 61274 | Orc:2    | Bought a scroll of enchant weapon for 105 gold pieces
 61286 | Orc:2    | Bought a scroll of summoning for 114 gold pieces
 61286 | Orc:2    | Bought a scroll of summoning for 114 gold pieces
 61286 | Orc:2    | Bought a scroll of summoning for 114 gold pieces
 61464 | Orc:2    | Noticed Snorg
 61475 | Orc:2    | Killed Snorg
 62154 | Elf:1    | Entered Level 1 of the Elven Halls
 62284 | Elf:1    | Paralysed by an air elemental for 1 turns
 62342 | Elf:1    | Got Ireysof's Notes on Impulse
 62542 | Elf:1    | Noticed Jorgrun
 62549 | Elf:1    | Killed Jorgrun
 62832 | Elf:1    | Reached skill level 15 in Armour
 62971 | Elf:1    | Identified the +0 leather armour of Happy Babbling {Rampage
                  | Regen+}
 63802 | Elf:2    | Reached skill level 17 in Translocations
 64111 | Elf:2    | Found Helibuz's Antique Weapon Shop.
 64123 | Elf:2    | Found Weinyci's Weapon Boutique.
 64152 | Elf:2    | Reached XP level 24. HP: 48/151 MP: 25/33
 64237 | Elf:2    | Found a crumbling gateway.
 64306 | Desolati | Entered the Desolation of Salt
 64548 | Desolati | Identified the +2 battleaxe of Zoomm {speed, rPois rF+
                  | Dex+4}
 64557 | Desolati | Identified the +1 leather armour "Ijassent" {rElec rCorr}
 64563 | Desolati | Identified the amulet "Mogimex" {Faith rC+ Dex+3}
 64781 | Desolati | Identified the +6 plate armour "Ykhlum" {rElec Str+2}
 65354 | Desolati | Identified the ring "Ponuasham" {*Slow rC++ EV+5 Slay+6}
 66207 | Desolati | Reached skill level 18 in Translocations
 66236 | Desolati | Identified the +0 plate armour "Jaduras" {Regen+ rCorr
                  | Dex+4}
 66325 | Desolati | Found the +12 glaive of Prune {freeze, Prune}
 66367 | Desolati | Got the Tome of the Spatial Shot
 66982 | Elf:2    | Found the +10 tower shield of Ignorance {rN+ Int-4}
 67078 | Elf:2    | Found a runed translucent gate.
 67078 | Elf:2    | Found a runed translucent gate.
 67078 | Elf:2    | Found a runed translucent gate.
 67395 | Elf:3    | Entered Level 3 of the Elven Halls
 67690 | Elf:3    | Found Felaq's Distillery.
 67694 | Elf:3    | Bought a potion of heal wounds for 80 gold pieces
 67694 | Elf:3    | Bought a potion of curing for 48 gold pieces
 69241 | Elf:3    | Identified the staff of cold "Icepu" {rC+ Str+3 Dex+3 SInv}
 69241 | Elf:3    | Identified the +9 war axe "Ilif" {flame, +Blink Fly rElec
                  | Int+3}
 69248 | Elf:3    | Identified the +6 mace of Lesmet {freeze, rPois Str-5
                  | Int+3}
 69255 | Elf:3    | Reached skill level 19 in Translocations
 69307 | Elf:3    | Reached XP level 25. HP: 63/154 MP: 2/33
 69590 | Elf:3    | Identified the amulet "Xenefri" {Acrobat rN+ Will+ Str-4}
 69595 | Elf:3    | Identified the +4 scimitar "Jellybane" {heavy, rF+ rC+}
 69602 | Elf:3    | Identified the staff of death "Worghyhoa" {Fragile rN+
                  | Str+4 Dex+4}
 69610 | Elf:3    | Identified the +6 chain mail of Sharp Liberty {rC+}
 69620 | Elf:3    | Identified the staff of poison "Uqurusel" {rPois rN+}
 69625 | Elf:3    | Identified the +1 giant spiked club of Ycuymnar {heavy,
                  | rPois rF+ rN+ Stlth+}
 70883 | Crypt:1  | Entered Level 1 of the Crypt
 71118 | Crypt:1  | Found a runed translucent gate.
 71118 | Crypt:1  | Found a runed translucent gate.
 71119 | Crypt:1  | Noticed Nuh Ema's ghost (veteran HuVM)
 71132 | Crypt:1  | Found a runed translucent gate.
 71134 | Crypt:1  | Found an ancient bone altar of Kikubaaqudgha.
 71614 | Crypt:1  | Noticed Vv
 71633 | Crypt:1  | Killed Vv
 72329 | Crypt:2  | Noticed Bai Suzhen
 72344 | Crypt:2  | Noticed Boris
 72346 | Crypt:2  | Killed Bai Suzhen
 72652 | Crypt:2  | Killed Boris
 72903 | Crypt:2  | Noticed Donald
 72912 | Crypt:2  | Killed Donald
 73279 | Crypt:2  | Reached skill level 20 in Translocations
 74567 | Crypt:3  | Entered Level 3 of the Crypt
 75470 | D:7      | Bought a scroll of enchant weapon for 120 gold pieces
 75470 | D:7      | Bought a scroll of enchant armour for 120 gold pieces
 76141 | Crypt:3  | Reached XP level 26. HP: 142/161 MP: 33/35
 76320 | Crypt:3  | Identified the +7 falchion of War {drain, *Rage Will+
                  | Int+5}
 76387 | Crypt:3  | Found a staircase to the Tomb.
 76392 | Tomb:1   | Entered Level 1 of the Tomb of the Ancients
 76483 | Crypt:3  | Noticed Boris
 76490 | Crypt:3  | Killed Boris
 77119 | Crypt:3  | Found a basalt altar of Yredelemnul.
 77119 | Crypt:3  | Found an ancient bone altar of Kikubaaqudgha.
 77119 | Crypt:3  | Noticed a curse toe
 77119 | Crypt:3  | Noticed a curse toe
 77128 | Crypt:3  | Killed a curse toe
 77136 | Crypt:3  | Killed a curse toe
 77364 | Crypt:3  | Identified the staff of poison "Epsoboew" {rPois rN+}
 77366 | Crypt:3  | Got the Almanac of Glowing Diablerie
 77762 | Crypt:1  | Identified a ring "Muwkugy" {Drain rPois rC+ rCorr Str+5}
 77820 | Crypt:1  | Killed Nuh Ema's ghost
 78385 | Depths:1 | Identified the ring "Petzoph" {rElec Will+}
 78392 | Depths:1 | Identified the ring "Zucu" {Wiz Contam Will+ Slay+2}
 78606 | Depths:1 | Reached skill level 10 in Spellcasting
 78611 | Depths:1 | Found a one-way gateway to a ziggurat.
 78733 | Depths:1 | Reached skill level 21 in Translocations
 78781 | Depths:1 | Found a one-way gate to the infinite horrors of the Abyss.
 78835 | Depths:1 | Found a runed translucent door.
 78888 | Depths:1 | Found a runed translucent door.
 79064 | Depths:1 | Found a gateway to Hell.
 79076 | Depths:1 | Found an opulent altar of Gozag.
 79280 | Depths:1 | Found a runed translucent door.
 79336 | Depths:1 | Identified the +7 triple crossbow of Wimuiwik {heavy, rPois
                  | Dex+2 Stlth+}
 79336 | Depths:1 | Identified the +2 leather armour of Defence {Rampage rN+
                  | Int-4 Stlth+}
 79476 | Depths:1 | Found a one-way gate leading to the halls of Pandemonium.
 81220 | Depths:1 | Reached XP level 27. HP: 147/165 MP: 23/37
 82207 | Depths:3 | Found Oceefef's Armour Boutique.
 82357 | Depths:3 | Reached skill level 22 in Translocations
 83946 | Depths:4 | Entered Level 4 of the Depths
 84722 | Depths:4 | Found a gate to the Realm of Zot.
 85675 | Depths:4 | Identified the amulet "Nuapeec" {Spirit Str+2 Slay+3}
 85675 | Depths:4 | Noticed Boris
 85685 | Depths:4 | Killed Boris
 85821 | Depths:4 | Found a bloodstained altar of Trog.
 86140 | Depths:4 | Found a hide-covered altar of Uskayaw.
 87160 | Slime:1  | Entered Level 1 of the Pits of Slime
 87259 | Slime:5  | Entered Level 5 of the Pits of Slime
 87438 | Slime:4  | Learned a level 8 spell: Disjunction
 87464 | Slime:4  | Learned a level 5 spell: Summon Forest
 87537 | Slime:5  | Noticed the Royal Jelly
 87572 | Slime:5  | Reached skill level 1 in Summonings
 87624 | Slime:5  | Killed the Royal Jelly
 87894 | Slime:5  | Identified the ring of Gishrupuv {Will++ rCorr Str+6 Int+2
                  | SInv}
 87919 | Slime:5  | Identified the +0 leather armour "Vadenkona" {Rampage rPois
                  | Stlth+}
 87937 | Slime:5  | Identified the +1 dire flail of Hatred {heavy, rN+ Will+
                  | Int+2}
 87949 | Slime:5  | Identified the +7 hand axe of the Original Sin {speed,
                  | Will+}
 87950 | Slime:5  | Identified the +10 flail "Ebreynil" {venom, *Noise rElec
                  | SInv}
 88003 | Slime:5  | Got a slimy rune of Zot
 88004 | Slime:5  | Identified the +1 robe "Tezoz" {rElec rCorr Int+4}
 88481 | Zot:1    | Entered Level 1 of the Realm of Zot
 89019 | D:6      | Bought a book of the Moon for 440 gold pieces
 89025 | D:6      | Learned a level 4 spell: Passage of Golubria
 89629 | Vaults:5 | Entered Level 5 of the Vaults
 89764 | Vaults:5 | Reached skill level 5 in Evocations
 89837 | Vaults:5 | Reached skill level 23 in Translocations
 89846 | Vaults:5 | Noticed a dread lich
 89863 | Vaults:5 | Killed a dread lich
 89916 | Vaults:5 | Reached skill level 5 in Stealth
 90041 | Vaults:5 | Reached skill level 5 in Summonings
 90263 | Vaults:5 | Noticed an ancient lich
 90270 | Vaults:5 | Killed an ancient lich
 90603 | Vaults:5 | Found Rooleyso's Weapon Boutique.
 90606 | Vaults:5 | Found Varirag's Weapon Shoppe.
 90947 | Vaults:5 | Identified the +6 shortbow "Sareka" {antimagic, Str+5}
 90948 | Vaults:5 | Identified the ring of Equilibrium {rF+ EV+5}
 91153 | Vaults:5 | Got a silver rune of Zot
 91253 | Vaults:5 | Noticed an ancient lich
 91260 | Vaults:5 | Killed an ancient lich
 91507 | Vaults:5 | Identified the amulet "Vawk" {Spirit Int+2}
 91510 | Vaults:5 | Identified the staff of death "Ilymyl" {+Blink rN+ Will+}
 91512 | Vaults:5 | Identified the ring of Egoy {Fly rF- Will+ rCorr}
 92564 | Zot:3    | Noticed an orb of fire
 92570 | Zot:2    | Gained mutation: You occasionally lose the ability to drink
                  | potions when taking damage. [an orb of fire]
 92577 | Zot:2    | Killed an orb of fire
 92581 | Zot:2    | Reached skill level 10 in Evocations
 93106 | Zot:4    | Reached skill level 24 in Translocations
 93439 | Zot:4    | Noticed an ancient lich
 93508 | Zot:4    | Killed an ancient lich
 94146 | Zot:4    | Noticed Grunn
 94166 | Zot:4    | Killed Grunn
 94629 | Zot:4    | Noticed a Killer Klown
 94645 | Zot:4    | Killed a Killer Klown
 94679 | Zot:4    | Got Givogyesi's Opusculum on Burning Venom
 95388 | Zot:4    | Reached skill level 25 in Translocations
 95527 | Zot:4    | Found the +4 dragonskin cloak
 95527 | Zot:4    | Identified the amulet of Woin {RegenMP Drain rPois rN+++
                  | Int-3}
 95527 | Zot:4    | Noticed Tiamat
 95732 | Zot:4    | Identified the ring of the Invisible Nights {rCorr MP+9
                  | Dex+2}
 95742 | Zot:4    | Killed Tiamat
 95888 | Zot:4    | Found the +12 pair of quick blades "Gyre" and "Gimble"
                  | {protect}
 96101 | Zot:4    | Identified the staff of conjuration "Eshro" {rC+ Str+5}
 96244 | Zot:5    | Entered Level 5 of the Realm of Zot
 97244 | Zot:5    | Noticed an orb of fire
 97248 | Zot:5    | Noticed a dread lich
 97250 | Zot:5    | Noticed a Killer Klown
 97253 | Zot:5    | Killed an orb of fire
 97255 | Zot:5    | Noticed a Killer Klown
 97257 | Zot:5    | Killed a dread lich
 97266 | Zot:5    | Killed a Killer Klown
 97271 | Zot:5    | Killed a Killer Klown
 97344 | Zot:5    | Noticed a Killer Klown
 97368 | Zot:5    | Killed a Killer Klown
 97373 | Zot:5    | Noticed a dread lich
 97383 | Zot:5    | Killed a dread lich
 97524 | Zot:5    | Noticed a Killer Klown
 97529 | Zot:5    | Noticed a dread lich
 97542 | Zot:5    | Killed a dread lich
 97550 | Zot:5    | Killed a Killer Klown
 97622 | Zot:5    | Reached skill level 26 in Translocations
 97924 | Zot:5    | Noticed a Killer Klown
 97950 | Zot:5    | Noticed an orb of fire
 97952 | Zot:5    | Noticed an orb of fire
 97952 | Zot:5    | Gained mutation: You occasionally shout uncontrollably at
                  | your foes. [an orb of fire]
 97954 | Zot:5    | Gained mutation: You are frail. (-10% HP) [an orb of fire]
 97968 | Zot:5    | Gained mutation: You are vulnerable to cold. (rC-) [an orb
                  | of fire]
 97971 | Zot:5    | Killed an orb of fire
 97973 | Zot:5    | Noticed an ancient lich
 97995 | Zot:5    | Gained mutation: You are weak. (Str -2) [an orb of fire]
 97996 | Zot:5    | Killed an orb of fire
 98000 | Zot:5    | Killed an ancient lich
 98029 | Zot:5    | Lost mutation: You occasionally shout uncontrollably at
                  | your foes. [potion of mutation]
 98029 | Zot:5    | Lost mutation: You are weak. (Str -2) [potion of mutation]
 98029 | Zot:5    | Gained mutation: You are partially covered in large bone
                  | plates. (SH +4) [potion of mutation]
 98029 | Zot:5    | Gained mutation: A frigid envelope surrounds you and
                  | freezes all who hurt you. [potion of mutation]
 98363 | Zot:5    | Killed a Killer Klown
 98507 | Zot:5    | Lost mutation: You are vulnerable to cold. (rC-) [potion of
                  | mutation]
 98507 | Zot:5    | Lost mutation: A frigid envelope surrounds you and freezes
                  | all who hurt you. [potion of mutation]
 98507 | Zot:5    | Lost mutation: You occasionally lose the ability to drink
                  | potions when taking damage. [potion of mutation]
 98508 | Zot:5    | Lost mutation: You are partially covered in large bone
                  | plates. (SH +4) [potion of mutation]
 98508 | Zot:5    | Lost mutation: You are frail. (-10% HP) [potion of
                  | mutation]
 98508 | Zot:5    | Gained mutation: Your magical capacity is low. (-10% MP)
                  | [potion of mutation]
 98508 | Zot:5    | Gained mutation: You are frail. (-10% HP) [potion of
                  | mutation]
 98509 | Zot:5    | Lost mutation: Your magical capacity is low. (-10% MP)
                  | [potion of mutation]
 98509 | Zot:5    | Lost mutation: You are frail. (-10% HP) [potion of
                  | mutation]
 98509 | Zot:5    | Gained mutation: You are covered in fur. (AC +1) [potion of
                  | mutation]
 98509 | Zot:5    | Gained mutation: Your system is resistant to poisons.
                  | (rPois) [potion of mutation]
 98539 | Zot:5    | Noticed a dread lich
 98544 | Zot:5    | Killed a dread lich
 98883 | Hell     | Entered the Vestibule of Hell
 98887 | Hell     | Noticed Geryon
 98978 | Hell     | Reached skill level 27 in Translocations
 99106 | Hell     | Noticed a dread lich
 99117 | Depths:4 | Killed a dread lich
 99292 | Depths:4 | Learned a level 2 spell: Wereblood
 99304 | Hell     | Reached skill level 1 in Transmutations
 99528 | Hell     | Killed Geryon
100002 | Hell     | Found a gateway to the decaying netherworld of Tartarus.
100177 | Hell     | Found a gateway to the freezing wastes of Cocytus.
100424 | Hell     | Found a gateway to the ashen valley of Gehenna.
100536 | Hell     | Found a gateway to the Iron City of Dis.
100781 | Zig:1    | Entered Level 1 of a ziggurat
100797 | Zig:2    | Entered Level 2 of a ziggurat
100825 | Zig:3    | Entered Level 3 of a ziggurat
100847 | Zig:3    | Identified the +0 scimitar of Vanity {drain, Fly Str+4}
100856 | Zig:4    | Entered Level 4 of a ziggurat
100956 | Zig:4    | Identified the +8 falchion of Kireutull {heavy, rN++ Int+2}
100960 | Zig:4    | Identified the +6 scimitar of Qaom {speed, rElec Stlth+}
100968 | Zig:5    | Entered Level 5 of a ziggurat
101003 | Zig:5    | Identified the staff of fire "Eciwur" {rF+ rCorr Str-2
                  | Int+3}
101067 | Zig:6    | Entered Level 6 of a ziggurat
101101 | Zig:6    | Identified the +7 longbow of Infection {freeze, Will+}
101159 | Zig:7    | Entered Level 7 of a ziggurat
101169 | Zig:7    | Noticed a dread lich
101173 | Zig:7    | Killed a dread lich
101184 | Zig:7    | Reached skill level 5 in Transmutations
101217 | Zig:7    | Identified the +7 glaive "Xutwoxoc" {heavy, Fragile rC+ rN+
                  | Str+9}
101225 | Zig:7    | Identified the +2 leather armour of Subjectivity {Fly
                  | Str+2}
101271 | Zig:8    | Entered Level 8 of a ziggurat
101289 | Zig:8    | Noticed a Killer Klown
101289 | Zig:8    | Noticed a Killer Klown
101295 | Zig:8    | Noticed Rilanynets the pandemonium lord
101305 | Zig:8    | Killed a Killer Klown
101311 | Zig:8    | Killed Rilanynets the pandemonium lord
101314 | Zig:8    | Killed a Killer Klown
101412 | Zig:8    | Identified the +0 robe of the Salmon {rF+}
101426 | Zig:9    | Entered Level 9 of a ziggurat
101435 | Zig:9    | Noticed an ancient lich
101438 | Zig:9    | Noticed an ancient lich
101455 | Zig:9    | Killed an ancient lich
101455 | Zig:9    | Killed an ancient lich
101484 | Zig:9    | Identified the ring of Interdependent Arising {rF+ Str+4
                  | Int-3 Dex+6}
101567 | Zig:10   | Entered Level 10 of a ziggurat
101874 | Zot:5    | Got the Orb of Zot
101897 | Zot:4    | Identified the amulet of Siruwoap {Reflect Str+2 SH+5}
102136 | D:13     | Noticed Corhuor the pandemonium lord
102459 | D:1      | Learned a level 2 spell: Passwall
102477 | D:$      | Escaped with the Orb!

Illustrated notes

Levels and vault maps discovered:
D:1:      minmay_arrival_loop, layout_loops_corners
D:2:      wad_river_or_something, layout_rooms, serial_shops,
          nicolae_diamond_shop, nicolae_shop_bloodbath_and_beyond, basic_altar,
          roderic_serpentine_path
D:3:      layout_loops_cross, mainiacjoe_overflow_paths,
          nicolae_sif_muna_little_library, nicolae_ecumenical_lake_church
D:4:      layout_layer_cave, old_standard_altar,
          minmay_temple_entry_proselytizer, nicolae_ossuary_entry_plus,
          ebering_ghost_sewer_f
D:5:      layout_basic, grunt_dithmenos_shadows,
          mainiacjoe_overflow_tiny_flanked, nicolae_gozag_seed_capital,
          minmay_fountain_box, minmay_misc_feat_pillars, uniq_blork_the_orc
D:6:      kennysheep_big_flooded_room, layout_basic, old_standard_altar,
          serial_shops, shop, nicolae_shop_waterfront, dk_noncrumbling_3,
          kennysheep_path_1
D:7:      layout_gridville, lemuel_coloured_pillars_altar,
          nemelex_dance_club_becter, zin_statuary, minivault_11,
          nicolae_wooded_promenade, grunt_decor_mini_mirrors
D:8:      layout_loops_ring, nicolae_vehumet_radiance,
          mainiacjoe_overflow_boulevard, st_stairs_5, uniq_amaemon
D:9:      layout_rooms, lemuel_tele_altar, mainiacjoe_overflow_cross_hatched,
          blue_anna_alchemist, uniq_gastronok
D:10:     layout_grid_maze, lair_entry_dummy
D:11:     layout_cave_pods, david_orc_1_choice, mrwooster_statue_mirror
D:12:     layout_irregular_city
D:13:     gammafunk_sealed_arena, layout_cave_pods,
          skrybe_vaults_entry_preservation, serial_shops, shop, uniq_urug,
          uniq_erolcha, uniq_azrael, uniq_frances
D:14:     gammafunk_jiyva_shrine, layout_cave_pools, serial_shops,
          nicolae_shop_trees, special_room [special_room_bee], lightli_airlock,
          uniq_rupert
D:15:     grunt_enter_depths_snipers, layout_basic, hangedman_decor_opposing,
          gauntlet_entry_generic
Temple:   nicolae_temple_bog_church
Lair:1:   lemuel_slime, layout_gridlike, wad_woods_road_01
Lair:2:   layout_regular_city, portal_ice_cave_rime, hibernation_bobbens
Lair:3:   layout_loops_ring, minmay_shoals_entry_lonely_mermaid,
          guppyfry_snake_entry_island, st_stairs_7, infiniplex_staircase_pool,
          serial_bayou_shore_b
Lair:4:   layout_regular_city, nicolae_quartered_pool_little,
          beast_lair_carwin_3, grunt_megastairs_5
Lair:5:   minmay_lair_end_enchanted_forest, layout_concentric_octagons,
          slime_entry_2, grunt_megastairs_4
Shoals:1: layout_shoals, serial_shops, nicolae_shop_hallway_stairs
Shoals:2: nicolae_shoals_mermall, layout_shoals, nicolae_splish_splash
Shoals:3: layout_shoals, serial_shops, shop, uniq_ilsuiw, uniq_mara
Shoals:4: shoals_end_grunt_ice, layout_shoals
Snake:1:  layout_basic, uniq_louise
Snake:2:  layout_gridlike, basic_altar, serial_shops, nicolae_shop_statue_plus,
          drop_trap, serial_bayou_shore_a
Snake:3:  layout_cave_pods, grunt_megastairs_1
Snake:4:  grunt_snake_rune_spirals, layout_onion, nicolae_shop_gadgets,
          serial_bayou_shore_b, uniq_vashnia
Slime:1:  layout_caves, nicolae_slime_getting_an_eyeful
Slime:2:  layout_caves
Slime:3:  layout_caves, nicolae_slime_barrier
Slime:4:  layout_caves
Slime:5
Orc:1:    layout_diamond_mine
Orc:2:    st_orc_town, layout_diamond_mine, special_room, serial_shops, shop,
          basic_altar, minmay_orc_treasury, uniq_snorg
Elf:1:    layout_geoelf_grid, minmay_elf_annihilation, uniq_jorgrun
Elf:2:    elven_hall_of_blades_hangedman_original [nicolae_blade_tridents],
          layout_geoelf_grid, portal_desolation_entry_garden,
          hangedman_elven_crosses_minicolossus, minmay_shoptagon
Elf:3:    minmay_elf_hall_dome, layout_geoelf_octagon, hangedman_elven_ridges,
          nicolae_elf_martial_mastery, minmay_shop_star
Vaults:1: ontoclasm_vaults_loading_screen, nicolae_vaults_holding_cells,
          nicolae_vaults_little_squares_5, ontoclasm_vaults_spin,
          grunt_vaults_hallway_long, vaults_dpeg_cross,
          nicolae_vaults_border_crossing, v_misc_32, vaults_dpeg_hooks,
          layout_vaults_omnigrid, serial_shops, nicolae_shop_statue_plus
Vaults:2: v_pattern_1, v_misc_26, nicolae_vaults_ninety_degrees,
          nicolae_vaults_diagonal_hallway_8, vaults_mumra_hex, v_misc_27,
          hangedman_vaults_river_flow, nicolae_vaults_circle_grid_a, v_misc_13,
          vaults_dpeg_emergency_exit, layout_vaults_big_room, uniq_margery
Vaults:3: grunt_vaults_hallway_long, nicolae_vaults_little_squares_2,
          hangedman_vaults_impose, hangedman_vaults_snaps,
          ontoclasm_vaults_misaligned, nicolae_vaults_stairing_the_circle,
          hangedman_vaults_nails, vaults_room_pool, v_pattern_3, v_misc_3,
          vaults_mumra_minichess, vaults_room_stairs_pillars,
          ontoclasm_vaults_shuriken, nicolae_vaults_specimen_jars,
          layout_vaults_ring, dummy_crypt_entry, serial_shops,
          nicolae_diamond_shop, enter_trove_5
Vaults:4: st_greater_box_4, vaults_room_ringed_pool, v_alt_pattern_2,
          nicolae_vaults_network_star, v_alt_pattern_6,
          vaults_room_grunt_arrival_checkpoint, hangedman_vaults_slice,
          vaults_room_hallway, grunt_vaults_hallway_short, vaults_dpeg_diagonal,
          layout_vaults_maze_bifur, uniq_boris
Vaults:5
Crypt:1:  layout_gridlike, gammafunk_ghost_spectres, basic_altar,
          grunt_crypt_arrival_guarded_gate, uniq_vv
Crypt:2:  layout_catacombs, uniq_bai_suzhen, uniq_donald
Crypt:3:  lightli_unholy_cathedral, layout_chaotic_city,
          nicolae_tomb_entry_grand_gallery, serial_glass, glass_columns_a,
          glass_columns_c, serial_sigils_hangedman_gnaw, due_unseen_surprise
Tomb:1
Depths:1: minmay_the_grid_triangle_9x9_rhombus_full_mashed
          [minmay_the_grid_triangle_9x9_windchime,
          minmay_the_grid_triangle_9x9_pentomino_pain,
          minmay_the_grid_triangle_9x9_from_above,
          minmay_the_grid_triangle_9x9_intruding_spiral,
          minmay_the_grid_triangle_9x9_fully_insulated_deathbox,
          minmay_the_grid_triangle_9x9_stretched_checkered,
          minmay_the_grid_triangle_9x9_zippers_vertical,
          minmay_the_grid_triangle_9x9_prize_top_heavy], layout_twisted_cross,
          enter_ziggurat_b, hell_entry, abyss_entry, lemuel_crystal_altar,
          rand_demon_pan_entry_4, minivault_22, grunt_tough_drop
Depths:2: cell_vault, layout_basic, pan_entry, pf_hell_entry_great_geh,
          nicolae_titane, abyss_entry_small_statue_room,
          hangedman_abyss_or_decor_passed
Depths:3: minmay_chopped_fan, layout_cave_pools, nicolae_hexahallways,
          grunt_hell_entry_dis_grunt, abyss_entry, kennysheep_decorative_pillar,
          nicolae_stop_n_shop_2, serial_bayou_shore_b
Depths:4: grunt_crosshair, layout_basic, hell_entry, nicolae_uskayaw_suspiria,
          minmay_room_of_horrors, evilmike_spriggan_trog_shrine
Hell
Zot:1:    layout_concentric_octagons
Zot:2:    layout_gridville
Zot:3:    layout_twisted_circle, grunt_megastairs_2, lemuel_elevator
Zot:4:    hangedman_zot_vaults_quadrants, layout_onion,
          st_grand_hoard_of_tiamat, uniq_grunn
Zot:5:    layout_onion

Skill      XL: |  1  2  3  4  5  6  7  8  9 10 11 12 13 14 15 16 17 18 19 20 21 22 23 24 25 26 27 |
---------------+----------------------------------------------------------------------------------+-----
Stealth        | 2 3 5 |  5.0
Maces & Flails | 2 3 4 5 6 8 10 12 13 14 15 16 | 16.0
Shields        | 3 4 5 6 7 8 10 11 13 | 13.0
Fighting       | 4 5 6 7 9 11 12 13 14 16 17 21 23 | 23.0
Throwing       | 2 |  2.0
Evocations     | 3 10 | 10.0
Invocations    | 3 6 9 11 12 13 | 13.5
Translocations | 5 7 8 10 12 13 15 17 19 20 21 27 | 27.0
Spellcasting   | 2 4 5 6 8 10 12 | 12.0
Dodging        | 4 5 7 10 11 | 11.7
Armour         | 4 6 8 9 12 15 17 18 19 23 | 23.6
Air Magic      | 4 8 |  8.0
Summonings     | 5 |  5.0
Transmutations | 6 |  6.8

Action                     |  1- 3 |  4- 6 |  7- 9 | 10-12 | 13-15 | 16-18 | 19-21 | 22-24 | 25-27 || total
---------------------------+-------+-------+-------+-------+-------+-------+-------+-------+-------++-------
  Melee: Flail             |   113 |   174 |    35 |       |       |       |       |       |       ||   322
         Morningstar       |       |       |    77 |   187 |   194 |    74 |    35 |    51 |    29 ||   647
         Demon whip        |       |       |       |   311 |   753 |   831 |  1458 |  1972 |    19 ||  5344
         Spear             |       |       |       |       |       |     6 |     1 |       |       ||     7
         Eveningstar       |       |       |       |       |       |       |       |       |  4054 ||  4054
         Unarmed           |       |       |       |       |       |       |       |       |     5 ||     5
  Throw: Boomerang         |     2 |    14 |     5 |     2 |       |       |       |       |       ||    23
         Dart              |       |       |     7 |    33 |    29 |    24 |    11 |       |     5 ||   109
   Cast: Apportation       |       |       |       |     5 |       |       |       |       |     3 ||     8
         Blink             |       |       |       |       |       |     5 |    23 |    19 |    30 ||    77
         Vhi's Electric Ch |       |       |       |       |       |    47 |   161 |   218 |   379 ||   805
         Manifold Assault  |       |       |       |       |       |       |   160 |   190 |   525 ||   875
         Dispersal         |       |       |       |       |       |       |       |       |    16 ||    16
         Passage of Golubr |       |       |       |       |       |       |       |       |     8 ||     8
         Wereblood         |       |       |       |       |       |       |       |       |     8 ||     8
         Disjunction       |       |       |       |       |       |       |       |       |     5 ||     5
         Passwall          |       |       |       |       |       |       |       |       |     3 ||     3
         Summon Forest     |       |       |       |       |       |       |       |       |     3 ||     3
 Invoke: Recall Ancestor   |       |     1 |     1 |     4 |     7 |     8 |     8 |    12 |    22 ||    63
         Ancestor Life: He |       |       |     1 |       |       |       |       |       |       ||     1
         Idealise          |       |       |       |       |     2 |     2 |     1 |       |     1 ||     6
         Ancestor Identity |       |       |       |       |       |     1 |       |       |       ||     1
  Evoke: Wand              |       |       |     1 |     6 |     2 |     9 |    13 |     3 |    18 ||    52
         Lightning rod     |       |       |       |     4 |     7 |     5 |     5 |     2 |     2 ||    25
         Phantom mirror    |       |       |       |       |     2 |     1 |     4 |       |     6 ||    13
         Condenser vane    |       |       |       |       |       |     2 |     2 |     1 |     4 ||     9
         Tin of tremorston |       |       |       |       |       |       |     1 |     2 |    10 ||    13
         Phial of floods   |       |       |       |       |       |       |       |     1 |       ||     1
         Box of beasts     |       |       |       |       |       |       |       |       |     5 ||     5
    Use: Potion            |     2 |       |     1 |     4 |       |     7 |     7 |     6 |    31 ||    58
         Scroll            |       |    10 |     3 |     8 |    11 |     9 |     6 |     9 |    36 ||    92
   Stab: Sleeping          |     3 |     2 |     4 |    12 |     6 |    11 |     1 |       |       ||    39
         Distracted        |       |       |     3 |     7 |    18 |    11 |    17 |    16 |    57 ||   129
         Confused          |       |       |     4 |     8 |    12 |    17 |    50 |    64 |   111 ||   266
         Paralysed         |       |       |       |       |    38 |    59 |    77 |   109 |   150 ||   433
         Invisible         |       |       |       |       |       |       |     1 |       |     1 ||     2
         Petrified         |       |       |       |       |       |       |       |     2 |     1 ||     3
 Armour: Scale mail        |    67 |    81 |    24 |    64 |   271 |   176 |   236 |       |       ||   919
         Leather armour    |       |       |       |     5 |       |       |       |       |       ||     5
         Acid dragon scale |       |       |       |     3 |       |     3 |       |       |       ||     6
         Storm dragon scal |       |       |       |       |       |       |    14 |   302 |  1113 ||  1429
  Dodge: Dodged            |    71 |   110 |    39 |   119 |   283 |   225 |   365 |   332 |  1298 ||  2842
  Block: Buckler           |    30 |    56 |    22 |    82 |   216 |   340 |   439 |   420 |  1152 ||  2757
         Reflection        |       |       |       |       |       |    48 |    22 |    38 |    11 ||   119

Table legend: (Time is in decaauts)
 A = Elapsed time spent in this place.
 B = Non-inter-level travel time spent in this place.
 C = Inter-level travel time spent in this place.
 D = Time resting spent in this place.
 E = Time spent auto-exploring this place.
 F = Levels seen in this place.
 G = Mean time per level.
                   A        B        C        D        E       F      G
               +--------+--------+--------+--------+--------+-----+--------+
         Total | 100991 |  92531 |   8460 |  28474 |  38411 |  72 | 1402.7 |
       Dungeon |  24561 |  21461 |   3100 |   5104 |  11364 |  15 | 1637.4 |
        Temple |      1 |      1 |      0 |      0 |      0 |   1 |    1.0 |
          Lair |   9192 |   8537 |    655 |   2605 |   4038 |   5 | 1838.4 |
        Shoals |   7481 |   7185 |    296 |   2606 |   2549 |   4 | 1870.2 |
     Snake Pit |   9188 |   8787 |    401 |   3458 |   3223 |   4 | 2297.0 |
    Slime Pits |    917 |    856 |     61 |    422 |      0 |   5 |  183.4 |
  Orcish Mines |   2144 |   1837 |    307 |    210 |   1048 |   2 | 1072.0 |
   Elven Halls |   5978 |   5582 |    396 |   1465 |   2460 |   3 | 1992.7 |
        Vaults |  13358 |  11828 |   1530 |   3514 |   4433 |   5 | 2671.6 |
         Crypt |   6750 |   6232 |    518 |   1789 |   3173 |   3 | 2250.0 |
          Tomb |     10 |     10 |      0 |      0 |      0 |   1 |   10.0 |
        Depths |   9230 |   8541 |    689 |   3293 |   3659 |   4 | 2307.5 |
          Hell |   1021 |   1017 |      4 |    110 |    534 |   1 | 1021.0 |
           Zot |   6770 |   6273 |    497 |   2044 |   1216 |   5 | 1354.0 |
      Ziggurat |    830 |    830 |      0 |    377 |      0 |  10 |   83.0 |
       Ossuary |    284 |    284 |      0 |     71 |     24 |   1 |  284.0 |
      Ice Cave |    536 |    536 |      0 |    400 |      0 |   1 |  536.0 |
    Desolation |   2269 |   2269 |      0 |    936 |    650 |   1 | 2269.0 |
      Gauntlet |    461 |    461 |      0 |     65 |     38 |   1 |  461.0 |
               +--------+--------+--------+--------+--------+-----+--------+

Top non-repeatable levels by time:
Vaults:1: 3447 daAuts
 Snake:3: 3386 daAuts
    D:13: 3147 daAuts
 Snake:4: 2988 daAuts
Vaults:4: 2982 daAuts
Depths:4: 2902 daAuts
    D:15: 2594 daAuts
Shoals:4: 2387 daAuts
  Lair:5: 2385 daAuts
   Zot:4: 2380 daAuts
Vaults:3: 2366 daAuts
Shoals:3: 2361 daAuts
 Crypt:2: 2350 daAuts
   Zot:5: 2350 daAuts
 Crypt:1: 2315 daAuts
